 Dungeon Crawl Stone Soup version 0.25-a0-661-g55ea3d2 (webtiles) character file.

Game seed: 4735752427387983386, levelgen mode: deterministic

16 BlueFish the Slasher (level 2, 0/22 HPs)
             Began as a Demonspawn Gladiator on Mar 24, 2020.
             Slain by a kobold
             ... wielding a +0 dagger
              (1 damage)
             ... on level 1 of the Dungeon.
             The game lasted 00:02:09 (552 turns).

BlueFish the Slasher (Demonspawn Gladiator)          Turns: 552, Time: 00:02:09

Health: 0/22       AC:  3    Str: 11 (14) XL:     2   Next: 37%
Magic:  2/2        EV: 12    Int:  6 (9)  God:
Gold:   61         SH:  0    Dex: 13 (14) Spells: 1/1 levels left

rFire    . . .     SeeInvis .   a - +0 long sword
rCold    . . .     Gourm    .   (no shield)
rNeg     . . .     Faith    .   b - +0 leather armour
rPois    .         Spirit   .   (helmet restricted)
rElec    .         Reflect  .   (no cloak)
rCorr    .         Harm     .   (no gloves)
MR       .....                  (no boots)
Stlth    +.........             (no amulet)
HPRegen  0.07/turn              (no ring)
MPRegen  0.08/turn              (no ring)

@: no status effects
A: horns 1
a: no special abilities


You were on level 1 of the Dungeon.
You were not hungry.

You visited 1 branch of the dungeon, and saw 1 of its levels.

You collected 61 gold pieces.

Inventory:

Hand Weapons
 a - a +0 long sword (weapon)
Missiles
 d - 3 throwing nets (quivered)
Armour
 b - a +0 leather armour (worn)
 c - a +0 helmet
Scrolls
 g - a scroll of identify {unknown}
 i - a scroll of noise {unknown}
 j - 2 scrolls of teleportation {unknown}
Potions
 k - 2 potions of ambrosia {unknown}
Comestibles
 f - a ration


   Skills:
 * Level 2.3 Fighting
 + Level 3.0 Long Blades
 + Level 1.8 Throwing
 + Level 3.0 Dodging


You had one spell level left.
You didn't know any spells.
Your spell library was empty.

Dungeon Overview and Level Annotations

Branches:
Dungeon (1/15)

Altars:


Innate Abilities, Weirdness & Mutations

You have a pair of small horns on your head.


Message History

The kobold misses you.
You riposte.
You barely miss the kobold. You headbutt the kobold.
The kobold is moderately wounded.
The kobold hits you but does no damage.
The leopard gecko bites the plant.
You closely miss the kobold. Your headbutt misses the kobold.
The kobold hits you with a +0 short sword.
The kobold hits you. The kobold barely misses you.
The rat bites the bush but does no damage.
The kobold closely misses you.
The leopard gecko bites the plant.
The kobold hits you with a +0 short sword.
* * * LOW HITPOINT WARNING * * *
The kobold hits you.
* * * LOW HITPOINT WARNING * * *
It was a potion of degeneration.
There was something very wrong with that liquid.
You feel weakened.
You feel dopey.
You feel clumsy. The kobold closely misses you.
The rat bites the bush but does no damage.
The kobold hits you with a +0 dagger.
You die...

## #♣♣♣P♣## ♣
###
#PP#...#P#P
..#
#PP.....PPP
..#
###P..K....#r
###
#((.(@K§...#r
#(#PKK).§..#l
#.#PP.....PPP
########


#.#PPP.≈.PPPP .......# #.#♣♣♣P♣♣#P## .......#####.###### .......##.........#
.......#.........## .................# You could see a leopard gecko, 4 kobolds
and 2 rats.

Vanquished Creatures
  A dart slug (D:1)
  3 bats (D:1)
  2 goblins (D:1)
  2 hobgoblins (D:1)
  2 kobolds (D:1)
  4 rats (D:1)
  A bush (D:1)
15 creatures vanquished.

Notes
Turn   | Place    | Note
-------+----------+-------------------------------------------
     0 | D:1      | BlueFish the Demonspawn Gladiator began the quest for the
                  | Orb.
     0 | D:1      | Reached XP level 1. HP: 16/16 MP: 1/1
    81 | D:1      | Gained mutation: You have a pair of small horns on your
                  | head. [demonic ancestry]
    81 | D:1      | Reached XP level 2. HP: 18/22 MP: 2/2
   551 | D:1      | HP: 1/22 [kobold (4)]
   552 | D:1      | Slain by a kobold

Levels and vault maps discovered:
D:1:      minmay_arrival_four_circles, layout_rooms, serial_forest,
          infiniplex_forest_end_3, infiniplex_forest_end_double,
          infiniplex_forest_clump_long, infiniplex_forest_end_1,
          infiniplex_forest_lined_3_way, infiniplex_forest_lined_ring,
          infiniplex_forest_lined_3, infiniplex_forest_clump_tiny,
          lexackson_kobold_supper

Skill      XL: |  1  2 |
---------------+-------+-----
Long Blades    | 3 |  3.0
Dodging        | 3 |  3.0
Fighting       | |  2.3
Throwing       | |  1.8

Action                   || total
-------------------------++-------
Melee: Long sword        ||    79
       Headbutt          ||    19
  Use: Potion            ||     1
Armor: Leather armour    ||    10
Dodge: Dodged            ||    24
       Rpst.: Long sword ||     7

Table legend:
 A = Non-vault XP
 B = Vault XP
 C = Vault XP percentage of total XP
 D = Non-vault monster count
 E = Vault monster count
 F = Vault count percentage of total count
                 A         B        C        D         E       F
            +---------+---------+-------+---------+---------+-------
      Total |      21 |       2 |   8.7 |      13 |       1 |   7.1
            +---------+---------+-------+---------+---------+-------
        D:1 |      21 |       2 |   8.7 |      13 |       1 |   7.1
            +---------+---------+-------+---------+---------+-------
